 Dungeon Crawl Stone Soup version 0.14.2 (webtiles) character file.

674 Stagor the Grave Robber (level 6, 0/36 (41) HPs)
             Began as a Vampire Necromancer on Feb 6, 2016.
             Was a Follower of Kikubaaqudgha.
             Slain by a giant frog zombie (5 damage)
             ... on Level 5 of the Dungeon.
             The game lasted 00:47:04 (5315 turns).

Stagor the Grave Robber (Vampire Necromancer)       Turns: 5315, Time: 00:47:04

HP   0/36 (41)   AC  8     Str 11      XL: 6   Next: 97%
MP   2/16        EV 13     Int 18      God: Kikubaaqudgha [*.....]
Gold 167         SH  0     Dex 14      Spells:  4 memorised,  5 levels left

rFire  . . .     SeeInvis +     u - +2,+1 mace (protect)
rCold  + . .     Clarity  .     f - +0 robe
rNeg   + + .     Conserve .     (no shield)
rPois  +         rCorr    .     (no helmet)
rElec  .         rRot     +     (no cloak)
SustAb . .       Spirit   .     h - +0 pair of gloves
rMut   .         Warding  .     (no boots)
Saprov . . .     Stasis   .     (no amulet)
MR     .....                    (no ring)
                                j - +3 ring of strength

@: regenerating slowly, not resistant to hostile enchantments, stealthy
A: bottle blood, fangs 3, see invisible, unbreathing
a: Bat Form, Bottle Blood, Receive Corpses, Renounce Religion


You were on level 5 of the Dungeon.
You worshipped Kikubaaqudgha.
Kikubaaqudgha was aware of your devotion.
You were thirsty.

You visited 1 branch of the dungeon, and saw 5 of its levels.

You collected 167 gold pieces.

Inventory:

Hand weapons
 d - a +0,+0 dagger
 n - a +0,+0 giant club
 u - a +2,+1 mace of protection (weapon)
Armour
 a - a +0 robe
 f - a +0 robe (worn)
 h - a +0 pair of gloves (worn)
 v - a +0 robe
Magical devices
 y - a wand of frost (9) {unknown}
Comestibles
 g - a bread ration
Scrolls
 c - a scroll of enchant weapon II {unknown}
 k - 2 scrolls of enchant armour {unknown}
 m - 2 scrolls of teleportation {unknown}
 o - 4 scrolls of remove curse
 p - 3 scrolls of identify {unknown}
 q - 2 scrolls of enchant weapon I {unknown}
 r - 2 scrolls of blinking {unknown}
 s - 2 scrolls of random uselessness {unknown}
 B - a scroll of recharging {unknown}
Jewellery
 e - an uncursed ring of protection from cold {unknown}
 i - an uncursed ring of protection from fire {unknown}
 j - a +3 ring of strength (left hand)
 l - an uncursed ring of protection from fire {unknown}
Potions
 t - a potion of restore abilities
 w - a potion of degeneration {unknown}
 z - 3 potions of poison {unknown}
Books
 b - a book of Necromancy

   Spells                             Type                      Level
   *Pain                              Necromancy                   1
   *Animate Skeleton                  Necromancy                   1
   Lethal Infusion                    Charms/Necromancy            2
   *Vampiric Draining                 Necromancy                   3
   Regeneration                       Charms/Necromancy            3
   Animate Dead                       Necromancy                   4
   *Control Undead                    Necromancy                   4
 x - a book of Wizardry

   Spells                             Type                      Level
   Summon Elemental                   Summoning                    4
   Agony                              Necromancy                   5
   Force Lance                        Conjuration                  5
   Haste                              Charms                       6
   Invisibility                       Hexes                        6
   Spellforged Servitor               Conjuration/Summoning        7
 A - Kikubaaqudgha's Guide on Unholy Secrets
   (Kikubaaqudgha gifted it to you on level 5 of the Dungeon)

   Spells                             Type                      Level
   *Pain                              Necromancy                   1
   Corpse Rot                         Necromancy                   2
   Sublimation of Blood               Necromancy                   2
   *Vampiric Draining                 Necromancy                   3
   *Control Undead                    Necromancy                   4


   Skills:
 + Level 0.2 Maces & Flails
 + Level 3.3 Dodging
 + Level 3.6 Stealth
 + Level 4.8 Spellcasting
 + Level 6.7 Necromancy


You had 5 spell levels left.
You knew the following spells:

 Your Spells              Type           Power        Failure   Level  Hunger
a - Pain                  Necr           ####         1%          1    None
b - Animate Skeleton      Necr           N/A          1%          1    None
c - Control Undead        Necr           ####......   12%         4    ####...
d - Vampiric Draining     Necr           ####......   2%          3    ###....


Dungeon Overview and Level Annotations

Branches:
Dungeon (5/15)             Temple (0/1) D:4

Altars:
Kikubaaqudgha
Vehumet


Innate Abilities, Weirdness & Mutations

You heal slowly.
You can bottle blood from corpses.
You have razor-sharp teeth.*
You have supernaturally acute eyesight.
You can survive without breathing.*


Message History

Aim: an ice beast The ice beast is moderately wounded.
You feel life coursing into your body. The giant frog zombie hits you.
* * * LOW HITPOINT WARNING * * *
The ice beast hits you but does no damage.
The giant frog zombie closely misses you.
Drink which item? (? for menu, Esc to quit)
Okay, then.
The ice beast hits you but does no damage.
The giant frog zombie hits you but does no damage.
You see here a scroll labeled HUWAHODOKU.
Found a crooked smoking staff.
The giant frog zombie closely misses you.
The giant frog zombie hits you but does no damage.
The giant frog zombie hits you.
* * * LOW HITPOINT WARNING * * *
The giant frog zombie barely misses you.
The giant frog zombie hits you.
You die...
Kikubaaqudgha rasps: "You have failed me!
Welcome... oblivion!"

############## .... ...
..............# .....# #
#.####.............#
.....#.
#.#..#.............#
.....#.
#.#.|#.............#
.....' #.#..#....>.<#
#.# §§...#
#.#..#@......# #.#
§....######.#..#z####..#
#.# .§..........#'##I#
#..# #.#
≈§........?......# #..#
#.# ≈#..)............#
#..# #.#
.#.....#######...# #..#
#.# .#.....# #...# #..#
#.# .#.....# #...# #..#
#.# .#.....##### #...#
#..# #.#


You could see an ice beast and a giant frog zombie.

Vanquished Creatures
  An ogre (D:4)
  A scorpion (D:5)
  An orc priest (D:5)
  An iguana (D:5)
  4 worker ants
  Natasha (D:3)
  An adder (D:3)
  3 gnolls (D:4)
  A shadow imp (D:5)
  A giant mite (D:3)
  2 worms
  An ooze (D:1)
  6 orcs
  A ball python (D:5)
  5 giant cockroaches
  10 goblins
  7 hobgoblins
  6 jackals
  9 kobolds
  2 quokkas
  9 bats
  3 giant newts
  13 rats
89 creatures vanquished.

Vanquished Creatures (collateral kills)
  A worker ant (D:4)
  A hound zombie (D:4)
  3 adders
  A giant mite (D:4)
  A giant gecko (D:4)
  A giant cockroach (D:4)
8 creatures vanquished.

Vanquished Creatures (others)
  An ogre skeleton (D:4)
  A gnoll skeleton (D:4)
  A goblin skeleton (D:5)
3 creatures vanquished.

Grand Total: 100 creatures vanquished

Notes
Turn   | Place    | Note
--------------------------------------------------------------
     0 | D:1      | Stagor, the Vampire Necromancer, began the quest for the Orb.
     0 | D:1      | Reached XP level 1. HP: 13/13 MP: 3/3
     2 | D:1      | Learned a level 1 spell: Animate Skeleton
   264 | D:1      | Reached XP level 2. HP: 14/19 MP: 2/4
  1840 | D:2      | Reached skill level 5 in Necromancy
  1845 | D:2      | Reached XP level 3. HP: 18/24 MP: 6/6
  2401 | D:3      | Noticed Natasha
  2413 | D:3      | Killed Natasha
  2413 | D:3      | Reached XP level 4. HP: 17/25 MP: 2/9
  2677 | D:3      | Learned a level 4 spell: Control Undead
  3134 | D:4      | Found an ancient bone altar of Kikubaaqudgha.
  3141 | D:4      | Became a worshipper of Kikubaaqudgha
  3179 | D:4      | Noticed an ogre
  3187 | D:4      | Killed an ogre
  3187 | D:4      | Reached XP level 5. HP: 18/30 MP: 2/12
  3371 | D:4      | Learned a level 3 spell: Vampiric Draining
  3755 | D:4      | Found a staircase to the Ecumenical Temple.
  4110 | D:4      | Reached skill level 6 in Necromancy
  4222 | D:4      | Reached XP level 6. HP: 33/36 MP: 1/15
  4568 | D:5      | Entered Level 5 of the Dungeon
  4580 | D:5      | Acquired Kikubaaqudgha's first power
  4580 | D:5      | Received a gift from Kikubaaqudgha
  4583 | D:5      | Identified Kikubaaqudgha's Guide on Unholy Secrets (Kikubaaqudgha gifted it to you on level 5 of the Dungeon)
  5283 | D:5      | Found a radiant altar of Vehumet.
  5315 | D:5      | Slain by a giant frog zombie

Action                   |  1- 3 |  4- 6 || total
-------------------------+-------+-------++-------
Melee: Unarmed           |    17 |       ||    17
       Mace              |    13 |    47 ||    60
 Cast: Pain              |    53 |    92 ||   145
       Animate Skeleton  |     3 |     5 ||     8
       Vampiric Draining |       |    28 ||    28
       Control Undead    |       |     2 ||     2
 Abil: Bottle Blood      |       |     4 ||     4
  Use: Scroll            |     3 |     1 ||     4
       Potion            |     6 |     4 ||    10
 Stab: Sleeping          |       |     2 ||     2
